 Dungeon Crawl Stone Soup version 0.30-a0-743-gbfdf073431 (webtiles) character file.

Game seed: 5388692487238272844

161 cheesebisquit the Poker (level 5, -4/41 HPs)
             Began as a Merfolk Gladiator on Feb 7, 2023.
             Engulfed by a cloud of flame (5 damage)
             ... on level 4 of the Dungeon.
             The game lasted 00:10:44 (2290 turns).

cheesebisquit the Poker (Merfolk Gladiator)         Turns: 2290, Time: 00:10:44

Health: -4/41      AC: 11    Str: 16    XL:     5   Next: 42%
Magic:  5/5        EV:  8    Int:  7    God:
Gold:   130        SH:  0    Dex: 16    Spells: 4/4 levels left

rFire   . . .      SeeInvis .    a - +1 trident
rCold   . . .      Faith    .    (no shield)
rNeg    . . .      Spirit   .    u - +0 chain mail
rPois   .          Reflect  .    c - +1 helmet
rElec   .          Harm     .    i - +0 cloak
rCorr   .          Rampage  .    (no gloves)
Will    +....                    (no boots) Stlth
                                 (no amulet)
HPRegen 0.26/turn                (no ring)
MPRegen 0.09/turn                (no ring)

@: confused, ambrosia-drunk, hasted, very quick
A: (nimble swimmer 2), mertail, strong-willed 1, screaming 1
a: no special abilities


You were on level 4 of the Dungeon.
You visited 1 branch of the dungeon, and saw 4 of its levels.

You collected 130 gold pieces.

Inventory:

Hand Weapons
 a - a +1 trident (weapon)
Missiles
 d - a throwing net (quivered)
 e - a javelin
 o - 2 poisoned darts
Armour
 c - a +1 helmet (worn)
 i - a +0 cloak (worn)
 u - a +0 chain mail (worn)
Jewellery
 b - a ring of resist corrosion
Wands
 l - a wand of digging (6)
Scrolls
 g - a scroll of immolation
 p - a scroll of amnesia


   Skills:
 + Level 3.5 Fighting
 * Level 6.2 Polearms
 - Level 2.0 Throwing
 + Level 5.2 Dodging


You had 4 spell levels left.
You didn't know any spells.
Your spell library contained the following spells:

 Spells                   Type           Power      Damage    Failure   Level
 Blink                    Tloc           0%         N/A       100%        2
 Manifold Assault         Tloc           0%         N/A       100%        4
 Conjure Ball Lightning   Conj/Air       0%         3x3d6     100%        6
 Storm Form               Tmut/Air       0%         N/A       100%        7
 Discord                  Hex            0%         N/A       100%        8
 Disjunction              Tloc           0%         N/A       100%        8


Dungeon Overview and Level Annotations

Branches:
Dungeon (4/15)
 Temple: D:4-7

Altars:
Makhleb
Okawaru


Innate Abilities, Weirdness & Mutations

((You are very nimble when in or above water. (Stealth+, EV+, Speed+++)))
Your lower body shifts to a powerful aquatic tail in water.
You are strong-willed. (Will+)
You occasionally shout uncontrollably at your foes.


Message History

The goblin no longer looks unusually strong.
The jackal bites you but does no damage.
The jackal closely misses you. The goblin closely misses you. x2
The jackal bites you but does no damage.
You feel better. The jackal completely misses you.
The jackal bites you but does no damage.
The goblin hits you but does no damage. x2
The jackal bites you but does no damage.
You feel better. The jackal barely misses you.
The jackal bites you but does no damage.
The goblin closely misses you. The goblin hits you but does no damage.
Okay, then.
It was a potion of haste.
You feel yourself speed up. The jackal bites you.
The jackal bites you but does no damage.
The goblin hits you with a +0 dagger. The goblin hits you but does no damage.
The jackal bites you but does no damage. x2
It was a potion of ambrosia.
You are confused.
You feel invigorated.
The jackal bites you but does no damage. x2
The goblin barely misses you. The goblin closely misses you.
It was a potion of heal wounds.
You feel much better.
The jackal bites you but does no damage.
The jackal closely misses you.
You are too confused!
You're too confused to move!
The goblin no longer looks unusually strong.
The goblin hits you but does no damage. x2
The jackal bites you but does no damage.
You bump into the rock wall.
The jackal bites you. The goblin hits you but does no damage.
The goblin barely misses you.
You hit the goblin.
The goblin explodes!
The fiery explosion engulfs you!!!
Ouch! That really hurt!
* * * LOW HITPOINT WARNING * * *
The fiery explosion engulfs the hobgoblin!!!
The hobgoblin explodes!
You are engulfed in blazing flames.
You die...

...#.....#...#....# #...
#.°○☼§§○§§#○°§#°...###...
#§#§#§§§§☼#○§§°☼.........
§§.☼☼§#§#○○○°§☼.........
###○#§°#§#☼#§§○☼...).....
.☼°☼☼§§○☼§§§§☼☼○.........
.##°§§○gg§○○☼§§○###..)...
.°°§○§gghh§o§°§§# #..#...
##..#.h#@#.####.# #..#...
.....#§#...##.# #..#...
.......§§###.#... ...#...
.#..#.§○☼☼ .........#...
#g.####§#. ........#...
#. §§§.. ............ #
§§° .. .....#.. ☼☼○
....... #.... ...


You could see an orc, 2 jackals and 4 goblins.

Vanquished Creatures
  An orc priest (D:4)
  2 iguanas
  Robin (D:4)
  2 adders
  2 worms
  A dart slug (D:3)
  An orc (D:4)
  5 ball pythons
  4 endoplasms
  9 goblins
  4 hobgoblins
  2 jackals (D:1)
  2 kobolds
  2 quokkas
  5 bats
  A frilled lizard (D:2)
  3 rats
47 creatures vanquished.

Notes
Turn   | Place    | Note
-------+----------+-------------------------------------------
     0 | D:1      | cheesebisquit the Merfolk Gladiator began the quest for the
                  | Orb.
     0 | D:1      | Reached XP level 1. HP: 16/16 MP: 1/1
   207 | D:1      | Reached XP level 2. HP: 19/23 MP: 2/2
   838 | D:2      | Reached XP level 3. HP: 25/28 MP: 3/3
  1181 | D:2      | Reached skill level 5 in Polearms
  1610 | D:3      | Reached XP level 4. HP: 35/35 MP: 4/4
  1663 | D:3      | Found an iron altar of Okawaru.
  1697 | D:3      | Found a burning altar of Makhleb.
  1697 | D:3      | Noticed a green death
  1700 | D:3      | Noticed a neqoxec
  1700 | D:3      | Noticed a smoke demon
  2049 | D:4      | Noticed Robin
  2231 | D:4      | Reached skill level 5 in Dodging
  2231 | D:4      | Reached XP level 5. HP: 37/41 MP: 5/5
  2271 | D:4      | Killed Robin
  2272 | D:4      | Reached skill level 6 in Polearms
  2281 | D:4      | Gained mutation: You occasionally shout uncontrollably at
                  | your foes. [potion of mutation]
  2281 | D:4      | Gained mutation: You are strong-willed. (Will+) [potion of
                  | mutation]
  2290 | D:4      | HP: 1/41 [spore (39)]
  2290 | D:4      | Engulfed by a cloud of flame

Illustrated notes

Levels and vault maps discovered:
D:1:      dpeg_arrival_more_subterranean_lakeside_camping, layout_basic,
          minivault_27
D:2:      layout_loops_ring, minmay_statues_item, chequers_mini_garden, hex_tiny
D:3:      layout_loops_cross, okawaru_gym_becter, makhleb_altar_promises_db
D:4:      layout_basic, uniq_robin

Skill      XL: |  1  2  3  4  5 |
---------------+----------------+-----
Polearms       | 5 6 |  6.2
Fighting       | 3 |  3.5
Dodging        | 5 |  5.2
Throwing       | |  2.0

Action                     |  1- 3 |  4- 6 || total
---------------------------+-------+-------++-------
  Melee: Trident           |    81 |    50 ||   131
         Punch             |     2 |       ||     2
  Throw: Javelin           |     3 |       ||     3
         Throwing net      |       |     4 ||     4
         Dart              |       |     2 ||     2
    Use: Potion            |       |     8 ||     8
         Scroll            |       |     5 ||     5
   Stab: Sleeping          |     2 |       ||     2
 Armour: Leather armour    |    14 |       ||    14
         Scale mail        |     8 |     6 ||    14
         Chain mail        |       |    53 ||    53
  Dodge: Dodged            |    32 |    53 ||    85

Table legend: (Time is in decaauts)
 A = Elapsed time spent in this place.
 B = Non-inter-level travel time spent in this place.
 C = Inter-level travel time spent in this place.
 D = Time resting spent in this place.
 E = Time spent auto-exploring this place.
 F = Levels seen in this place.
 G = Mean time per level.
                   A        B        C        D        E       F      G
               +--------+--------+--------+--------+--------+-----+--------+
         Total |   2289 |   2131 |    158 |      0 |   1738 |   4 |  572.2 |
       Dungeon |   2289 |   2131 |    158 |      0 |   1738 |   4 |  572.2 |
               +--------+--------+--------+--------+--------+-----+--------+

Top non-repeatable levels by time:
     D:3: 709 daAuts
     D:1: 698 daAuts
     D:2: 676 daAuts
     D:4: 204 daAuts
